[Event "Titled Tuesday Blitz April 05 Early 2022"]
[White "Zanette, Edgard Vinicius"]
[Black "Manelyuk, Daniil"]
[WhiteFideId "2109263"]
[BlackFideId "44173920"]
[WhiteElo "2182"]
[BlackElo "2209"]
[Result "1-0"]
[Round "03"]
[TimeControl "180+1"]
[Date "2022.04.05"]
[WhiteClock "0:00:07"]
[BlackClock "0:00:03"]

1. e4 e6 2. d4 d5 3. Nc3 Bb4 4. e5 c5 5. Bd2 Ne7 6. a3 Bxc3 7. Bxc3 O-O 8. f4 b6 9. Nf3 Ba6 10. Bxa6 Nxa6 11. O-O Rc8 12. Qd3 cxd4 13. Bxd4 Nc5 14. Bxc5 bxc5 15. Ng5 Ng6 16. Rf3 c4 17. Qe2 h6 18. Nh3 Qb6+ 19. Kh1 Qxb2 20. Rg1 Nh4 21. Rg3 Nf5 22. Rg4 Qd4 23. Nf2 Qe3 24. Qf1 c3 25. Nd3 Qd2 26. Nb4 a5 27. Nd3 Qxc2 28. Qf3 Qd2 29. Nc1 Qe3 30. Qd1 c2 31. Qe1 Rc4 32. Qxa5 Rxf4 33. Rxf4 Qxf4 34. Qc3 Qf2 35. Nd3 Qe3 36. Qxc2 Nd4 37. Qd1 Ne2 38. Re1 Nc3 39. Qc2 Nd1 40. Rxe3 Nxe3 41. Qe2 Nc4 42. h4 Ra8 43. Nb4 Rxa3 44. Nc6 Re3 45. Qa2 Re4 46. Qa8+ Kh7 47. Qe8 Rf4 48. Kh2 Ne3 49. g3 Rf2+ 50. Kh3 Rf3 51. Ne7 Nf5 52. Qg8# 1-0


[Site "https://www.chess.com"]

[Event "Titled Tuesday Blitz April 05 Early 2022"]
[White "Zarubitski, Viachaslau"]
[Black "Silva, Miguel Antonio Neto"]
[WhiteFideId "13509373"]
[BlackFideId "1911929"]
[WhiteElo "2325"]
[BlackElo "2204"]
[Result "1-0"]
[Round "03"]
[TimeControl "180+1"]
[Date "2022.04.05"]
[WhiteClock "0:00:42"]
[BlackClock "0:01:13"]

1. e4 c6 2. d4 d5 3. e5 Bf5 4. h4 h5 5. c4 e6 6. Nc3 Nd7 7. Nge2 Ne7 8. Ng3 Bg6 9. Bg5 Qb6 10. Rc1 Nf5 11. Nxf5 Bxf5 12. Qd2 a6 13. c5 Qb4 14. a3 Qa5 15. Bd3 g6 16. Bxf5 gxf5 17. O-O Bg7 18. Qe3 Nf8 19. b4 Qxa3 20. Ra1 Qb3 21. Rfb1 Qc4 22. b5 Ng6 23. bxc6 bxc6 24. Ra4 1-0


[Site "https://www.chess.com"]

[Event "Titled Tuesday Blitz April 05 Early 2022"]
[White "Zavgorodniy, Sergiy"]
[Black "Polok, Kacper"]
[WhiteFideId "14110148"]
[BlackFideId "1137158"]
[WhiteElo "2420"]
[BlackElo "2224"]
[Result "1-0"]
[Round "03"]
[TimeControl "180+1"]
[Date "2022.04.05"]
[WhiteClock "0:00:15"]
[BlackClock "0:00:02"]

1. e4 c5 2. Nf3 d6 3. c3 e5 4. d4 cxd4 5. cxd4 Bg4 6. Bb5+ Nd7 7. dxe5 dxe5 8. Qd5 Bb4+ 9. Bd2 Bxd2+ 10. Nbxd2 Kf8 11. O-O Ngf6 12. Qxb7 Rb8 13. Qa6 Qb6 14. Qxb6 Rxb6 15. Bxd7 Nxd7 16. Nc4 Rb5 17. Rfd1 Ke7 18. a4 Rc5 19. Ne3 Bxf3 20. Nf5+ Kf6 21. gxf3 Nb6 22. Rd6+ Kg5 23. h4+ Kf4 24. Kg2 g5 25. Rf6 gxh4 26. Nxh4+ Kg5 27. Rf5+ Kh6 28. Rxf7 Rg8+ 29. Kh3 Rc2 30. Rxa7 Rxf2 31. Nf5+ Kh5 32. Rxh7+ Kg6 33. Rh6+ Kf7 34. Rxb6 Rxf3+ 35. Kh4 Rf4+ 36. Kh5 Rh8+ 37. Nh6+ Ke7 38. Rg1 Rh7 39. Rc1 Kd7 40. Rb7+ 1-0


[Site "https://www.chess.com"]

[Event "Titled Tuesday Blitz April 05 Early 2022"]
[White "Zhigalko, Sergei"]
[Black "Gunina, Valentina"]
[WhiteFideId "13502956"]
[BlackFideId "4167570"]
[WhiteElo "2662"]
[BlackElo "2381"]
[Result "*"]
[Round "03"]
[TimeControl "180+1"]
[Date "2022.04.05"]
[WhiteClock "0:01:44"]
[BlackClock "0:01:11"]

1. e4 c6 2. d4 d5 3. e5 c5 4. Nf3 cxd4 5. Qxd4 Nc6 6. Qf4 e6 7. Bd3 Qc7 8. O-O Nge7 9. Re1 Ng6 10. Qg3 Nb4 11. Nc3 Nxd3 12. cxd3 Bd7 13. h4 a6 14. Be3 Bc5 *


[Site "https://www.chess.com"]

[Event "Titled Tuesday Blitz April 05 Early 2022"]
[White "nobodyperfect13"]
[Black "Petrovic, Aleksa"]
[BlackFideId "967629"]
[WhiteElo "1922"]
[BlackElo "2198"]
[Result "1-0"]
[Round "03"]
[TimeControl "180+1"]
[Date "2022.04.05"]
[WhiteClock "0:00:17"]
[BlackClock "0:00:02"]

1. c4 e6 2. Nf3 Nf6 3. g3 b6 4. Bg2 Bb7 5. O-O c5 6. Nc3 a6 7. Re1 Be7 8. e4 d6 9. d4 cxd4 10. Nxd4 Ra7 11. b3 O-O 12. Bb2 Nbd7 13. Qe2 Qb8 14. Rad1 Bd8 15. f4 Re8 16. Qf3 Bc7 17. g4 g6 18. g5 Nh5 19. Nde2 f5 20. Ng3 Nxg3 21. hxg3 Nc5 22. Qe3 Qa8 23. Rd2 Nxe4 24. Nxe4 Bxe4 25. Bxe4 Qxe4 26. Qxe4 fxe4 27. Rxe4 b5 28. Kg2 Kf7 29. Rd1 b4 30. c5 dxc5 31. Rc4 Bb6 32. Rd6 Rb7 33. Rc1 a5 34. Rh1 Kg8 35. Rc6 Rd8 36. Be5 Ba7 37. Rxe6 a4 38. Rxg6+ hxg6 39. Rh8+ Kf7 40. Rxd8 axb3 41. axb3 Ke6 42. Rd6+ Kf7 43. Rc6 Rd7 44. Kf3 Rd3+ 45. Ke4 Rxb3 46. Rc7+ Ke6 47. g4 Re3+ 48. Kxe3 c4+ 49. Ke4 1-0


[Site "https://www.chess.com"]

[Event "Titled Tuesday Blitz April 05 Early 2022"]
[White "Aaditya Dhingra"]
[Black "Fier, Alexandr"]
[WhiteFideId "25678191"]
[BlackFideId "2107139"]
[WhiteElo "1849"]
[BlackElo "2571"]
[Result "0-1"]
[Round "04"]
[TimeControl "180+1"]
[Date "2022.04.05"]
[WhiteClock "0:00:02"]
[BlackClock "0:01:15"]

1. c4 e6 2. Nc3 b6 3. e4 Bb7 4. Nf3 Nf6 5. e5 Ne4 6. Nxe4 Bxe4 7. d3 Bb7 8. d4 d6 9. exd6 Bxd6 10. Bd3 Nd7 11. O-O Nf6 12. Re1 O-O 13. Bg5 h6 14. Bh4 c5 15. dxc5 Bxc5 16. a3 Be7 17. Qe2 Qc7 18. Rad1 Rad8 19. b4 a5 20. Rb1 axb4 21. axb4 Nh5 22. Bg3 Nxg3 23. hxg3 Bf6 24. Rec1 Rd7 25. Be4 Ba6 26. b5 Bb7 27. Bxb7 Qxb7 28. c5 bxc5 29. Rxc5 Rb8 30. b6 Rd6 31. Rcb5 Bd8 32. Qe5 Rxb6 33. Rxb6 Bxb6 34. Kh2 Qc7 35. Qxc7 Bxc7 36. Rxb8+ Bxb8 37. Kg1 Kf8 38. Kf1 Ke8 39. Ke2 Kd7 40. Kd3 Ba7 41. Ke2 Kd6 42. Nd2 Kd5 43. f4 Bb8 44. Kf3 f5 45. g4 Bd6 46. gxf5 exf5 47. Nf1 Ke6 48. Ne3 h5 49. g3 g6 50. Ng2 Bc5 51. Ne1 Kd5 52. Ng2 Be7 53. Ne3+ Kd4 54. Ng2 Kd3 55. Ne3 Bc5 56. Ng2 Be7 57. Ne3 Kd2 58. Nd5 Bd8 59. Ne3 Ke1 60. Nc4 Bf6 61. Nd6 Kf1 62. Nc4 Kg1 63. Ne5 g5 64. Nf7 g4+ 65. Ke3 Kg2 66. Nh6 Kxg3 67. Nxf5+ Kh2 68. Kf2 h4 0-1


[Site "https://www.chess.com"]

[Event "Titled Tuesday Blitz April 05 Early 2022"]
[White "Adewumi, Tanitoluwa"]
[Black "Moskvin, Anatoly"]
[WhiteFideId "30966396"]
[BlackFideId "24199990"]
[WhiteElo "2590"]
[BlackElo "2079"]
[Result "0-1"]
[Round "04"]
[TimeControl "180+1"]
[Date "2022.04.05"]
[WhiteClock "0:00:01"]
[BlackClock "0:00:45"]

1. e4 e5 2. Nf3 d5 3. exd5 e4 4. Nd4 Qxd5 5. Nb3 Nf6 6. Nc3 Qf5 7. Bb5+ c6 8. Be2 Qg6 9. g3 h5 10. h4 Ng4 11. d3 Bb4 12. dxe4 Qxe4 13. O-O Qg6 14. Bd3 Qd6 15. Bf4 Qf6 16. Re1+ Be6 17. Ne4 Qd8 18. c3 Be7 19. Nec5 Qb6 20. Qe2 Bxc5 21. Nxc5 Qxc5 22. Bc4 O-O 23. Bxe6 fxe6 24. Qxe6+ Kh8 0-1


[Site "https://www.chess.com"]

[Event "Titled Tuesday Blitz April 05 Early 2022"]
[White "Ardila, Oscar Humberto"]
[Black "Odegov, Artem"]
[WhiteFideId "4404742"]
[BlackFideId "34183644"]
[WhiteElo "1983"]
[BlackElo "2286"]
[Result "0-1"]
[Round "04"]
[TimeControl "180+1"]
[Date "2022.04.05"]
[WhiteClock "0:01:59"]
[BlackClock "0:01:23"]

1. d4 c5 2. d5 Nf6 3. c4 e6 4. Nc3 exd5 5. cxd5 d6 6. e4 g6 7. h3 Bg7 8. Nf3 O-O 9. Bd3 Re8 10. O-O Nbd7 11. Bf4 Nf8 12. Re1 h6 13. Qd2 g5 14. Bh2 Ng6 15. e5 dxe5 16. Bxg6 fxg6 17. Nxe5 Bf5 18. Rad1 Ne4 19. Nxe4 Bxe5 20. Bxe5 Rxe5 21. Nc3 Rxe1+ 22. Rxe1 Qd7 23. d6 Rf8 24. Re7 Qc6 25. Qd3 Bxd3 0-1


[Site "https://www.chess.com"]

[Event "Titled Tuesday Blitz April 05 Early 2022"]
[White "Artemenko, Oleg"]
[Black "Baker, Chris W"]
[WhiteFideId "14201798"]
[BlackFideId "401676"]
[WhiteElo "2287"]
[BlackElo "2149"]
[Result "1-0"]
[Round "04"]
[TimeControl "180+1"]
[Date "2022.04.05"]
[WhiteClock "0:01:58"]
[BlackClock "0:01:19"]

1. d4 e6 2. Nc3 f5 3. e4 fxe4 4. Nxe4 Nf6 5. Bg5 Be7 6. Bxf6 Bxf6 7. Nf3 d5 8. Nxf6+ Qxf6 9. c3 Nd7 10. Bd3 c6 11. O-O O-O 12. Re1 Re8 13. Qc2 g6 14. Ne5 Nxe5 15. Rxe5 Bd7 16. Rae1 Rf8 17. g3 Rf7 18. f4 Raf8 19. h4 Qg7 20. h5 Rf6 21. hxg6 hxg6 22. Kg2 Kf7 23. Rh1 Rh8 24. Qd1 Rxh1 25. Qxh1 Ke7 26. Qh4 Kd6 27. c4 dxc4 28. Bxc4 Rf5 29. Qd8 c5 30. Rxe6# 1-0


[Site "https://www.chess.com"]

[Event "Titled Tuesday Blitz April 05 Early 2022"]
[White "Avazkhonov, Alikhon"]
[Black "Voege, Tobias"]
[WhiteFideId "14208504"]
[BlackFideId "1270513"]
[WhiteElo "1739"]
[BlackElo "2297"]
[Result "0-1"]
[Round "04"]
[TimeControl "180+1"]
[Date "2022.04.05"]
[WhiteClock "0:00:02"]
[BlackClock "0:01:00"]

1. c4 Nf6 2. Nc3 g6 3. g3 Bg7 4. Bg2 O-O 5. e4 c5 6. Nge2 Nc6 7. O-O Ne8 8. d3 d6 9. f4 Bg4 10. h3 Bxe2 11. Nxe2 Nc7 12. Be3 Ne6 13. Qd2 Ned4 14. Nxd4 Bxd4 15. Bxd4 Nxd4 16. f5 f6 17. fxg6 hxg6 18. Qh6 Qe8 19. g4 g5 20. h4 gxh4 21. g5 Qf7 22. gxf6 exf6 23. Qxh4 Qh7 24. Qg4+ Qg7 25. Qh5 Qg5 26. Qxg5+ fxg5 27. Bh3 Ne2+ 28. Kg2 Nf4+ 29. Kg3 Nxd3 30. Be6+ Kg7 31. Kg4 Nf2+ 32. Kxg5 Nxe4+ 33. Kg4 Rxf1 34. Rxf1 Rf8 35. Rg1 Rf6 36. Kh5+ Kf8 37. Rg8+ Ke7 38. Bd5 Rf5+ 39. Kg4 Rxd5 40. Rg7+ Kf6 0-1


[Site "https://www.chess.com"]

[Event "Titled Tuesday Blitz April 05 Early 2022"]
[White "Bachmann, Axel"]
[Black "Matlakov, Maxim"]
[WhiteFideId "3700488"]
[BlackFideId "4168003"]
[WhiteElo "2587"]
[BlackElo "2669"]
[Result "0-1"]
[Round "04"]
[TimeControl "180+1"]
[Date "2022.04.05"]
[WhiteClock "0:00:03"]
[BlackClock "0:00:57"]

1. d4 d5 2. Nf3 Nf6 3. g3 g6 4. Bg2 Bg7 5. c4 O-O 6. Qb3 Nc6 7. cxd5 Qxd5 8. Nc3 Qxb3 9. axb3 Be6 10. Bf4 Bxb3 11. Bxc7 Rfc8 12. Bf4 Nd5 13. Nxd5 Bxd5 14. e3 Nb4 15. O-O Rc2 16. Rfc1 Rxb2 17. Rxa7 Rf8 18. Ne5 h6 19. Bxd5 Nxd5 20. Nd7 Rd8 21. Nc5 g5 22. e4 Bxd4 23. Nxb7 Bxf2+ 24. Kf1 Bxa7 25. Nxd8 gxf4 26. exd5 Rxh2 27. Rc8 Kg7 28. gxf4 Rf2+ 29. Ke1 Rxf4 30. Nc6 Bc5 31. Rc7 Bd6 32. Rd7 h5 33. Kd2 Re4 34. Kd3 Re1 35. Kd2 Re4 36. Kd3 f5 37. Nd4 Kf6 38. Rd8 Re5 39. Kc4 Re4 40. Rf8+ Kg6 41. Rg8+ Kf7 42. Rh8 Be5 43. Rxh5 Rxd4+ 44. Kc5 Rf4 45. Kc6 Bd6 46. Rh7+ Kg6 47. Rh8 Re4 48. Kd7 f4 49. Rg8+ Kf5 50. Rf8+ Kg4 51. Kc6 f3 52. Rg8+ Kh3 53. Rf8 Rf4 54. Rh8+ Kg2 55. Rg8+ Kh2 56. Rh8+ Kg3 57. Rg8+ Rg4 58. Ra8 f2 59. Ra1 Kg2 0-1


[Site "https://www.chess.com"]

[Event "Titled Tuesday Blitz April 05 Early 2022"]
[White "Becerra, Juan David"]
[Black "Lewtak, Damian"]
[WhiteFideId "4404998"]
[BlackFideId "1141724"]
[WhiteElo "2277"]
[BlackElo "2362"]
[Result "1-0"]
[Round "04"]
[TimeControl "180+1"]
[Date "2022.04.05"]
[WhiteClock "0:00:55"]
[BlackClock "0:01:25"]

1. e4 c5 2. c3 Nf6 3. e5 Nd5 4. d4 e6 5. f4 cxd4 6. cxd4 Nc6 7. Nc3 d6 8. Nf3 dxe5 9. fxe5 Be7 10. Bd3 b6 11. a3 Bb7 12. O-O Rc8 13. Qe2 O-O 14. Qe4 g6 15. Bh6 Re8 16. Qg4 Nxc3 17. bxc3 Na5 18. Qf4 f5 19. exf6 Bxf6 20. Ng5 Rxc3 21. Qxf6 Qxf6 22. Rxf6 Rxd3 23. Raf1 1-0


[Site "https://www.chess.com"]

[Event "Titled Tuesday Blitz April 05 Early 2022"]
[White "Biletskiy, Danylo"]
[Black "Rodchenkov, Vitaly"]
[WhiteFideId "14155419"]
[BlackFideId "4152964"]
[WhiteElo "2087"]
[BlackElo "2337"]
[Result "1-0"]
[Round "04"]
[TimeControl "180+1"]
[Date "2022.04.05"]
[WhiteClock "0:01:09"]
[BlackClock "0:00:43"]

1. e4 c6 2. Ne2 d5 3. e5 Bf5 4. Ng3 Bg6 5. h4 h6 6. h5 Bh7 7. e6 fxe6 8. d4 Qd6 9. f4 Nf6 10. Bd3 Bxd3 11. Qxd3 Nbd7 12. Qg6+ Kd8 13. O-O c5 14. c3 c4 15. Nd2 Kc7 16. Nf3 b5 17. Ne5 Qb6 18. Kh2 Nxe5 19. fxe5 Nd7 20. Rf7 a5 21. Bd2 b4 22. Ne2 Qb5 23. Nf4 Nb6 24. Rf1 Nd7 25. Nxe6+ Kb7 26. Nxf8 Raxf8 27. Rxf8 Rxf8 28. Rxf8 Nxf8 29. Qf7 Nd7 30. Qxe7 Kc8 31. Qxg7 bxc3 32. Bxc3 a4 33. Qxh6 a3 34. bxa3 Qb1 35. Qg6 Qxa2 36. h6 Qxa3 37. h7 Qxc3 38. h8=Q+ Kc7 39. Qd6+ Kb7 40. Qxd7+ Kb6 41. Qb8+ Ka5 42. Qda7# 1-0


[Site "https://www.chess.com"]

[Event "Titled Tuesday Blitz April 05 Early 2022"]
[White "Bintang, Rasyid A. Hidayat"]
[Black "Vokarev, Sergey"]
[WhiteFideId "7105355"]
[BlackFideId "4119711"]
[WhiteElo "2386"]
[BlackElo "2343"]
[Result "0-1"]
[Round "04"]
[TimeControl "180+1"]
[Date "2022.04.05"]
[WhiteClock "0:00:03"]
[BlackClock "0:00:15"]

1. d4 d5 2. Bf4 c5 3. e3 Nc6 4. Nf3 Nf6 5. Nbd2 cxd4 6. exd4 Bg4 7. c3 e6 8. Qa4 Bxf3 9. Nxf3 Bd6 10. Ba6 bxa6 11. Qxc6+ Ke7 12. Bg5 Qb6 13. Qa4 Qb5 14. Qc2 Rab8 15. b3 a5 16. Bxf6+ gxf6 17. Rd1 Rbc8 18. Rd3 a4 19. O-O axb3 20. axb3 Rb8 21. c4 dxc4 22. bxc4 Rhc8 23. c5 Bf4 24. Ra3 f5 25. Rxa7+ Rb7 26. Rxb7+ Qxb7 27. Rb1 Qe4 28. Qb2 Rc7 29. Qb3 Bh6 30. g3 Bg7 31. Re1 Qb7 32. Qe3 Kf8 33. Ne5 Qd5 34. Rb1 Rc8 35. Rb6 Bxe5 36. dxe5 Qxc5 37. Qh6+ Kg8 38. Rb3 Qxe5 39. Rf3 Qe1+ 40. Kg2 Qe5 41. Rf4 Rc2 42. Rh4 Qg7 43. Qe3 Rc8 44. Rh5 Qf6 45. Rg5+ Kh8 46. h4 Rg8 47. Rh5 Qg6 48. Rg5 Qf6 49. Rh5 f4 50. Qe4 Qg6 51. Qe5+ f6 52. Qa5 fxg3 53. f3 Qc2+ 54. Kh3 Qh2# 0-1


[Site "https://www.chess.com"]

[Event "Titled Tuesday Blitz April 05 Early 2022"]
[White "Bongo Akanga Ndjila, Barthelemy"]
[Black "Estrada Nieto, Julian"]
[WhiteFideId "10609431"]
[BlackFideId "5101018"]
[WhiteElo "1768"]
[BlackElo "2252"]
[Result "1-0"]
[Round "04"]
[TimeControl "180+1"]
[Date "2022.04.05"]
[WhiteClock "0:00:28"]
[BlackClock "0:00:02"]

1. d4 Nf6 2. c4 e6 3. Nc3 c5 4. d5 exd5 5. cxd5 d6 6. Nf3 g6 7. g3 Bg7 8. Bg2 O-O 9. O-O a6 10. a4 Re8 11. Nd2 Nbd7 12. Re1 Rb8 13. a5 b5 14. axb6 Nxb6 15. Nb3 Bb7 16. Na5 Qc7 17. Nc6 Bxc6 18. dxc6 Ra8 19. Bf4 Re6 20. Bh3 Qxc6 21. Bxe6 fxe6 22. e4 Nc4 23. b3 Ne5 24. Bxe5 dxe5 25. Na4 Nxe4 26. Qf3 Rb8 27. Qxe4 Qxe4 28. Rxe4 Rxb3 29. Nxc5 Rb2 30. Rxa6 Bf8 31. Nxe6 Be7 32. Ra7 Bf6 33. Rc4 Rb8 34. g4 h6 35. Rcc7 e4 36. h4 Re8 37. g5 hxg5 38. hxg5 Be5 39. Re7 Rc8 40. Ra5 Bd6 41. Rd7 Bb4 42. Rg7+ Kh8 43. Raa7 Bc3 44. Rxg6 e3 45. fxe3 Re8 46. Kf2 Bd2 47. Ke2 Bc3 48. Kd3 Be5 49. Ke4 Bc3 50. Kf5 Rc8 51. e4 Bd2 52. e5 Be3 53. Rb7 Bd2 54. Kf6 Bc3 55. Nf4 Rf8+ 56. Rf7 Bxe5+ 57. Ke7 Rxf7+ 58. Kxf7 Bxf4 59. Rg8+ Kh7 60. g6+ Kh6 61. Rh8+ Kg5 62. g7 Be5 63. g8=Q+ Kf4 64. Rh4+ Kf3 65. Qg4+ Ke3 66. Qe4+ Kf2 67. Qxe5 Kf3 68. Rf4+ Kg3 69. Qg5+ 1-0


[Site "https://www.chess.com"]

[Event "Titled Tuesday Blitz April 05 Early 2022"]
[White "Brodowski, Piotr"]
[Black "Mogirzan, Matei-Valeriu"]
[WhiteFideId "1124480"]
[BlackFideId "1257455"]
[WhiteElo "2422"]
[BlackElo "1733"]
[Result "1-0"]
[Round "04"]
[TimeControl "180+1"]
[Date "2022.04.05"]
[WhiteClock "0:00:09"]
[BlackClock "0:00:03"]

1. e4 e5 2. Nf3 Nf6 3. Nxe5 Nc6 4. Nxc6 dxc6 5. d3 Bc5 6. Be3 Bxe3 7. fxe3 Ng4 8. Qf3 Qd6 9. Nc3 Nxh2 10. Qf4 Nxf1 11. Rxf1 Be6 12. Qg5 f6 13. Qxg7 O-O-O 14. O-O-O Rhg8 15. Qxh7 Rxg2 16. Rxf6 Rdg8 17. Qh6 Kd7 18. Qf4 Rh2 19. Qxd6+ cxd6 20. Kb1 Rgg2 21. Rc1 Rh3 22. Nd1 Ke7 23. Rf1 b5 24. Re1 b4 25. b3 Rgg3 26. Kb2 Bg4 27. a3 a5 28. axb4 axb4 29. Nf2 Rh2 30. Nxg4 Rxg4 31. Rg1 Rgg2 32. Rxg2 Rxg2 33. Rh1 Re2 34. Rh3 c5 35. Kc1 Ke6 36. Kd1 Rg2 37. Rh1 Ke5 38. Re1 d5 39. exd5 Kxd5 40. Re2 Rg1+ 41. Kd2 Ke5 42. Rh2 Kd6 43. Ke2 Ke5 44. Kf3 Rc1 45. Rd2 Rf1+ 46. Ke2 Rc1 47. d4+ cxd4 48. exd4+ Kd5 49. Kd3 Rh1 50. Re2 Rh3+ 51. Re3 Rh2 52. Re5+ Kd6 53. Rb5 Rh3+ 54. Kc4 Rc3+ 55. Kxb4 Rxc2 56. Rc5 Rd2 57. Rc4 Kd5 58. Kb5 Rb2 59. b4 Rb3 60. Rc5+ Kxd4 61. Rc1 Kd5 62. Ka5 Ra3+ 63. Kb6 Rb3 64. b5 Kd6 65. Ka6 Kd7 66. b6 Ra3+ 67. Kb7 Rb3 68. Ka7 Ra3+ 69. Kb8 Rb3 70. b7 Rb4 71. Rd1+ Kc6 72. Kc8 Rh4 73. b8=Q Rh8+ 74. Rd8 Rh7 75. Qa8+ Kb6 76. Rd6+ Kc5 77. Qc6+ Kb4 78. Rd4+ Ka5 79. Qc5+ Ka6 80. Ra4# 1-0


[Site "https://www.chess.com"]

[Event "Titled Tuesday Blitz April 05 Early 2022"]
[White "Chen, Qi b"]
[Black "Shukhman, Anna"]
[WhiteFideId "8614733"]
[BlackFideId "54180058"]
[WhiteElo "2432"]
[BlackElo "1665"]
[Result "1-0"]
[Round "04"]
[TimeControl "180+1"]
[Date "2022.04.05"]
[WhiteClock "0:01:01"]
[BlackClock "0:00:14"]

1. e4 c5 2. Nf3 e6 3. d4 cxd4 4. Nxd4 a6 5. Nc3 Qc7 6. Bd3 b5 7. O-O Bb7 8. Re1 Nc6 9. Nxc6 dxc6 10. a4 b4 11. Nb1 e5 12. Nd2 Nf6 13. Nc4 a5 14. Bg5 Be7 15. Qf3 h6 16. Bh4 c5 17. Ne3 O-O-O 18. Bxf6 Bxf6 19. Bc4 Rd4 20. Bd5 Rd8 21. c3 Rd2 22. Bxb7+ Kxb7 23. Nc4 R2d3 24. Qe2 Be7 25. g3 f6 26. Rec1 R8d7 27. Kg2 Bd8 28. cxb4 cxb4 29. Ne3 Qb6 30. Nd5 Qd4 31. Rd1 Rxd1 32. Rxd1 Qc5 33. Rd2 Bb6 34. Rc2 Qd6 35. Qb5 Ka7 36. Nxb6 1-0


[Site "https://www.chess.com"]

[Event "Titled Tuesday Blitz April 05 Early 2022"]
[White "Chincholimath, Halsagar"]
[Black "Agibileg, Uurtsaikh"]
[WhiteFideId "5022487"]
[BlackFideId "4901606"]
[WhiteElo "1737"]
[BlackElo "2205"]
[Result "0-1"]
[Round "04"]
[TimeControl "180+1"]
[Date "2022.04.05"]
[WhiteClock "0:00:06"]
[BlackClock "0:01:45"]

1. e4 c5 2. c3 e6 3. d4 Nf6 4. e5 Nd5 5. Nf3 cxd4 6. Bd3 d6 7. O-O dxe5 8. Nxe5 Bd6 9. cxd4 O-O 10. Nc3 Nxc3 11. bxc3 Bxe5 12. dxe5 Qa5 13. Qh5 g6 14. Qe2 Nd7 15. Bh6 Re8 16. f4 Qxc3 17. Rac1 Qd4+ 18. Kh1 b6 19. Be4 Ba6 20. Qxa6 Qxe4 21. Rce1 Qf5 22. Re3 Nc5 23. Qe2 Red8 24. Rh3 Rd4 25. Bg5 h5 26. Qf3 Rc8 27. Bf6 Rd3 28. Qe2 Rxh3 29. gxh3 Qxh3 30. Rg1 Nd3 31. a3 Rc1 32. Rxc1 Nxc1 33. Qc4 Qf3+ 34. Kg1 Ne2+ 0-1


[Site "https://www.chess.com"]

[Event "Titled Tuesday Blitz April 05 Early 2022"]
[White "Cori T., Deysi"]
[Black "Chernov, Mikhail"]
[WhiteFideId "3801934"]
[BlackFideId "24143170"]
[WhiteElo "2341"]
[BlackElo "2189"]
[Result "1-0"]
[Round "04"]
[TimeControl "180+1"]
[Date "2022.04.05"]
[WhiteClock "0:00:19"]
[BlackClock "0:00:32"]

1. d4 d5 2. c4 Nc6 3. e3 Nf6 4. Nc3 e6 5. Nf3 Bb4 6. Qc2 Ne4 7. Bd3 f5 8. cxd5 exd5 9. a3 Bxc3+ 10. bxc3 O-O 11. c4 Be6 12. Bb2 Qf6 13. O-O Rae8 14. Qb3 dxc4 15. Bxc4 Bxc4 16. Qxc4+ Qf7 17. d5 Na5 18. Qb5 b6 19. Rfd1 Qe7 20. Rac1 Nb7 21. Qc6 Nbc5 22. Be5 Ng5 23. Bxc7 Nxf3+ 24. gxf3 Qg5+ 25. Bg3 f4 26. exf4 Qf5 27. d6 Nd3 28. Qc4+ Kh8 29. Qxd3 Re1+ 30. Kg2 Qxd3 31. Rxd3 Rxc1 32. d7 1-0


[Site "https://www.chess.com"]

[Event "Titled Tuesday Blitz April 05 Early 2022"]
[White "Csonka, Balazs"]
[Black "Kalogridis, Antonios"]
[WhiteFideId "742910"]
[BlackFideId "25833901"]
[WhiteElo "2404"]
[BlackElo "1596"]
[Result "1-0"]
[Round "04"]
[TimeControl "180+1"]
[Date "2022.04.05"]
[WhiteClock "0:00:11"]
[BlackClock "0:01:01"]

1. d4 Nf6 2. Bg5 Ne4 3. Bf4 c5 4. d5 Qb6 5. Nd2 Qb4 6. a3 Qd4 7. Nxe4 Qxe4 8. e3 d6 9. Nf3 Bg4 10. c4 Qg6 11. Bd3 Bxf3 12. Qa4+ Nd7 13. Bxg6 hxg6 14. gxf3 a6 15. Ke2 O-O-O 16. b4 Kb8 17. Rab1 Rc8 18. b5 Nb6 19. Qa5 Nxc4 20. Qc3 Nb6 21. bxa6 Nxd5 22. Qb3 Nb4 23. axb4 c4 24. Qa4 b6 25. a7+ Ka8 26. Qa6 Rc7 27. Qxb6 Rb7 28. Qd8+ Kxa7 29. Ra1# 1-0


[Site "https://www.chess.com"]

[Event "Titled Tuesday Blitz April 05 Early 2022"]
[White "Derraugh, Geordie"]
[Black "Stromboli, Ettore"]
[WhiteFideId "2603950"]
[BlackFideId "813761"]
[WhiteElo "2116"]
[BlackElo "2414"]
[Result "1-0"]
[Round "04"]
[TimeControl "180+1"]
[Date "2022.04.05"]
[WhiteClock "0:00:17"]
[BlackClock "0:00:08"]

1. e4 e6 2. d4 d5 3. Nd2 c5 4. Ngf3 Nc6 5. exd5 exd5 6. Bb5 Bd6 7. O-O Ne7 8. dxc5 Bxc5 9. Nb3 Bd6 10. Nbd4 O-O 11. Bg5 Qb6 12. c3 Bg4 13. Qb3 f6 14. Bh4 Rad8 15. Rfe1 Kh8 16. Bg3 Bc5 17. Ne6 Bxe6 18. Rxe6 Nf5 19. Bxc6 Nxg3 20. Qxb6 Bxb6 21. hxg3 bxc6 22. Rxc6 d4 23. cxd4 Bxd4 24. Nxd4 Rxd4 25. Rc7 a5 26. Re1 a4 27. Ree7 Rg4 28. Ra7 h5 29. f3 Rxg3 30. Rxa4 Rb8 31. b3 Kh7 32. Kf2 Rg5 33. Re2 Rc8 34. Rb2 Rc1 35. Re4 Rgc5 36. Ree2 Ra1 37. b4 Rb5 38. Rec2 g5 39. Ke3 Kg6 40. Kd3 h4 41. Kc4 Rb7 42. b5 Rf1 43. a4 h3 44. gxh3 Rxf3 45. a5 Rxh3 46. a6 Re7 47. b6 Re5 48. b7 Rh4+ 49. Kd3 Rd5+ 50. Ke3 Re5+ 51. Kf3 Rf5+ 52. Kg3 Kh5 53. b8=Q Rg4+ 54. Kh2 Rh4+ 55. Kg1 Rd4 56. Qh8+ Kg6 57. Qg8+ Kh5 58. Rh2+ Kg4 59. Rbg2+ Kf3 60. Qb3+ Ke4 61. Re2+ Kf4 62. Rhf2+ Kg4 63. Rg2+ Kh4 64. Qg3+ Kh5 65. Qh3+ Kg6 66. Qxf5+ Kxf5 67. Ra2 Kg6 68. a7 Rd1+ 69. Kh2 Rd7 70. a8=Q Rh7+ 71. Kg3 Rd7 72. Qe4+ f5 73. Qe6+ Kh5 74. Rh2# 1-0


[Site "https://www.chess.com"]

[Event "Titled Tuesday Blitz April 05 Early 2022"]
[White "Dobrov, Vladimir"]
[Black "Ronka, Erik"]
[WhiteFideId "4136594"]
[BlackFideId "505080"]
[WhiteElo "2575"]
[BlackElo "2264"]
[Result "1-0"]
[Round "04"]
[TimeControl "180+1"]
[Date "2022.04.05"]
[WhiteClock "0:02:33"]
[BlackClock "0:01:06"]

1. d4 d5 2. c4 c6 3. Nc3 Nf6 4. Nf3 e6 5. Bg5 dxc4 6. e4 b5 7. e5 h6 8. Bh4 g5 9. Nxg5 hxg5 10. Bxg5 Nbd7 11. g3 Qb6 12. exf6 Bb7 13. Bg2 O-O-O 14. O-O c5 15. d5 b4 16. Rb1 Qa6 17. dxe6 Bxg2 18. e7 Bxf1 19. Qd5 Bxe7 20. fxe7 Bd3 21. exd8=Q+ Rxd8 22. Ne4 Bxb1 23. Nd6+ Kc7 24. Bf4 Kb6 25. Nxc4+ Kb5 26. Nd6+ Kb6 27. a4 bxa3 28. Nc4+ Kb5 29. Nxa3+ Kb6 30. Qd6+ Ka5 31. Bd2+ 1-0


[Site "https://www.chess.com"]

[Event "Titled Tuesday Blitz April 05 Early 2022"]
[White "Domingo Nunez, Alejandro"]
[Black "Gracia Alvarez, Gerardo Antonio"]
[WhiteFideId "22245561"]
[BlackFideId "5109124"]
[WhiteElo "2215"]
[BlackElo "2139"]
[Result "1-0"]
[Round "04"]
[TimeControl "180+1"]
[Date "2022.04.05"]
[WhiteClock "0:01:38"]
[BlackClock "0:00:48"]

1. c4 c5 2. Nc3 Nc6 3. Nf3 g6 4. e3 Nf6 5. d4 cxd4 6. exd4 d5 7. cxd5 Nxd5 8. Qb3 Nxc3 9. Bc4 Nd5 10. Bxd5 e6 11. Bxc6+ bxc6 12. Bg5 f6 13. Bf4 Qd5 14. O-O Kf7 15. Rfc1 Qxb3 16. axb3 Bb7 17. Nd2 Bb4 18. Ne4 Ke7 19. Ra4 a5 20. Bd2 Bxd2 21. Nxd2 Rhd8 22. Ne4 Rd5 23. Nc5 Bc8 24. h3 h5 25. Rcc4 Ba6 26. Rxa5 Bxc4 27. Rxa8 Bb5 28. Ra7+ Ke8 29. Nxe6 Bd3 30. Nc7+ 1-0


[Site "https://www.chess.com"]